 Dungeon Crawl Stone Soup version 0.23.2-30-g0e89c35649 (webtiles) character file.

Game seed: 17207800695249509059

896 Mrkan the Chopper (level 7, -9/57 HPs)
             Began as a Demonspawn Berserker on June 23, 2019.
             Was a Priest of Trog.
             Mangled by an ogre
             ... wielding a +0 giant club
              (11 damage)
             ... on level 5 of the Dungeon.
             The game lasted 00:08:11 (4249 turns).

Mrkan the Chopper (Demonspawn Berserker)            Turns: 4249, Time: 00:08:11

Health: -9/57      AC:  8    Str: 19    XL:     7   Next: 78%
Magic:  7/7        EV:  8    Int:  9    God:    Trog [***...]
Gold:   271        SH:  0    Dex: 12    Spells: 6/6 levels left

rFire    + . .     SeeInvis .   a - +1 hand axe
rCold    + . .     Gourm    .   (no shield)
rNeg     . . .     Faith    .   r - +0 chain mail
rPois    .         Spirit   .   (no helmet)
rElec    .         Reflect  .   k - scarf {rC+ rF+}
rCorr    .         Harm     .   (no gloves)
MR       .....                  (no boots)
Stlth    ..........             (no amulet)
HPRegen  0.19/turn              (no ring)
MPRegen  0.10/turn              (no ring)

@: no status effects
A: spiny 1, rot immunity
a: Berserk, Trog's Hand, Renounce Religion


You were on level 5 of the Dungeon.
You worshipped Trog.
Trog was most pleased with you.
You were hungry.

You visited 1 branch of the dungeon, and saw 5 of its levels.

You collected 271 gold pieces.

Inventory:

Hand Weapons
 a - a +1 hand axe (weapon)
Armour
 k - a scarf of resistance (worn)
 r - a +0 chain mail (worn)
Wands
 i - a wand of acid (9)
 s - a wand of random effects (14)
Scrolls
 d - 2 scrolls of remove curse
 h - 2 scrolls of identify
 j - a scroll of magic mapping
 l - 4 scrolls of fear
 n - 2 scrolls of enchant armour {unknown}
Potions
 b - a potion of agility {unknown}
 e - a potion of curing {unknown}
 f - a potion of berserk rage {unknown}
 g - a potion of heal wounds {unknown}
 m - a potion of degeneration {unknown}
 o - a potion of brilliance {unknown}
 p - 2 potions of lignification {unknown}
 q - a potion of flight {unknown}
 t - a potion of resistance {unknown}
Comestibles
 c - 5 rations
 u - 3 chunks of flesh


   Skills:
 + Level 5.9 Fighting
 * Level 7.2 Axes
 - Level 1.7 Armour
 - Level 1.7 Dodging


You had 6 spell levels left.
You didn't know any spells.
Your spell library was empty.

Dungeon Overview and Level Annotations

Branches:
Dungeon (5/15)
 Temple: D:4-7

Altars:
Ru
Trog

Shops:
D:4 %


Innate Abilities, Weirdness & Mutations

You are partially covered in sharp spines.
You are immune to rotting.


Message History

You can no longer call in reinforcements.
n - 2 scrolls labeled BIERHY AJUQ (gained 1)
You feel sick.
You feel sick.
You are no longer poisoned.
You feel the effects of Trog's Hand fading.
Your skin stops crawling.
You feel less resistant to hostile enchantments.
An ogre comes into view. It is wielding a +0 giant club.
The ogre shouts!
The ogre hits you with a +0 giant club! The ogre is struck by your spines.
The ogre hits you with a +0 giant club!
* * * LOW HITPOINT WARNING * * *
A frilled lizard comes into view.
The frilled lizard hisses angrily.
The ogre hits you with a +0 giant club!
* * * LOW HITPOINT WARNING * * *
The ogre is struck by your spines. The ogre misses you.
The ogre is struck by your spines. The ogre hits you with a +0 giant club!
You die...

#<# ####)######
#.....÷...#
#.###÷###.#
#.###>###.###
#.......#.#..
###.....#.#.#
########.
#......#.#.#
#>.......
#........#.###@#
#.###........O.#
#.
+........#......(
##
#........#..l#...
#.^...).....#.. .
#..........#.#....
#.............#
...
#...........### ..
...P..P.?.###


You could see an ogre and a frilled lizard.

Vanquished Creatures
  An ogre (D:4)
  A water moccasin skeleton (D:5)
  3 scorpions
  A howler monkey (D:4)
  A bullfrog zombie (D:5)
  A crimson imp (D:2)
  An orc priest (D:4)
  A hound (D:5)
  An iguana (D:4)
  5 orc wizards
  2 worker ants (D:4)
  A hound skeleton (D:4)
  11 adders
  An ooze (D:3)
  3 worms
  3 dart slugs
  3 leopard geckos
  12 orcs
  7 bats
  6 giant cockroaches
  8 goblins
  10 hobgoblins
  12 jackals
  13 kobolds
  3 quokkas
  9 frilled lizards
  6 rats
126 creatures vanquished.

Notes
Turn   | Place    | Note
-------+----------+-------------------------------------------
     0 | D:1      | Mrkan the Demonspawn Berserker began the quest for the Orb.
     0 | D:1      | Reached XP level 1. HP: 18/18 MP: 1/1
    54 | D:1      | Reached skill level 3 in Axes
    55 | D:1      | Gained mutation: You are partially covered in sharp spines.
                  | [demonic ancestry]
    55 | D:1      | Reached XP level 2. HP: 12/24 MP: 2/2
   378 | D:1      | Reached XP level 3. HP: 15/29 MP: 3/3
   642 | D:1      | Reached ** piety under Trog
  1196 | D:2      | Found a sacrificial altar of Ru.
  1370 | D:2      | Reached skill level 4 in Axes
  1505 | D:2      | Reached XP level 4. HP: 18/37 MP: 4/4
  1867 | D:2      | Reached XP level 5. HP: 19/42 MP: 5/5
  2306 | D:2      | Reached skill level 5 in Axes
  2531 | D:3      | Reached XP level 6. HP: 16/49 MP: 6/6
  2631 | D:3      | Reached *** piety under Trog
  3349 | D:4      | Found Faejy's Food Shoppe.
  3437 | D:4      | Found a bloodstained altar of Trog.
  3554 | D:4      | Reached skill level 5 in Fighting
  3560 | D:4      | Reached skill level 6 in Axes
  3573 | D:4      | Gained mutation: You are immune to rotting. [demonic
                  | ancestry]
  3573 | D:4      | Reached XP level 7. HP: 29/56 MP: 7/7
  4137 | D:5      | Entered Level 5 of the Dungeon
  4144 | D:5      | Reached **** piety under Trog
  4184 | D:5      | Reached skill level 7 in Axes
  4247 | D:5      | HP: 2/57 [ogre/+0 giant club (13)]
  4249 | D:5      | Mangled by an ogre

Skill      XL: |  1  2  3  4  5  6  7 |
---------------+----------------------+-----
Axes           | 3 4 5 6 7 |  7.2
Fighting       | 4 5 |  5.9
Armour         | |  1.7
Dodging        | |  1.7

Action                   |  1- 3 |  4- 6 |  7- 9 || total
-------------------------+-------+-------+-------++-------
Melee: Hand axe          |   129 |   132 |    61 ||   322
Invok: Berserk           |       |     4 |     1 ||     5
       Trog's Hand       |       |     1 |     1 ||     2
  Use: Scroll            |       |     6 |       ||     6
 Stab: Sleeping          |     1 |       |       ||     1
  Eat: Chunk             |     2 |     4 |     3 ||     9
       Ration            |       |     2 |       ||     2
Armor: Animal skin       |    41 |    14 |       ||    55
       Chain mail        |       |    26 |    29 ||    55
Dodge: Dodged            |    97 |    81 |    25 ||   203
